 Dungeon Crawl Stone Soup version 0.29.0-4-gdea44cf6ec (webtiles) character file.

Game seed: 3739976030223283441

184 qw the Chopper (level 5, -5/41 HPs)
             Began as a Demonspawn Cinder Acolyte on Sept 9, 2022.
             Was an Elder of Ignis.
             Slain by a gnoll
             ... wielding a +0 halberd
              (11 damage)
             ... on level 3 of the Dungeon.
             The game lasted 00:00:43 (2373 turns).

qw the Chopper (Demonspawn Cinder Acolyte)          Turns: 2373, Time: 00:00:44

Health: -5/41      AC: 16    Str: 17    XL:     5   Next: 36%
Magic:  6/6        EV:  8    Int: 15    God:    Ignis [****..]
Gold:   108        SH:  0    Dex:  8    Spells: 6/6 levels left

rFire   + . .      SeeInvis .   b - +0 war axe
rCold   + . .      Faith    .   (no shield)
rNeg    . . .      Spirit   .   h - +0 chain mail
rPois   .          Reflect  .   d - +0 helmet
rElec   .          Harm     .   (no cloak)
rCorr   .          Rampage  .   (no gloves)
Will    .....                   (no boots)
Stlth   ..........              (no amulet)
HPRegen 0.13/turn               a - ring of protection from cold
MPRegen 0.10/turn               (no ring)

@: fiery-armoured
A: ignite blood 1, sturdy frame 2, weakness stinger 1
a: Renounce Religion, Fiery Armour, Foxfire Swarm, Rising Flame


You were on level 3 of the Dungeon.
You worshipped Ignis.
Ignis was greatly pleased with you.
You visited 1 branch of the dungeon, and saw 3 of its levels.

You collected 108 gold pieces.


Innate Abilities, Weirdness & Mutations

Your demonic aura sometimes causes spilled blood to erupt in flames.
Your movements are less encumbered by armour. (ER -4)
You have a small tail.


   Skills:
 - Level 3.0 Fighting
 - Level 5.2 Axes
 + Level 1.7 Armour
 - Level 1.0 Spellcasting
 - Level 2.6 Fire Magic


You had 6 spell levels left.
You didn't know any spells.
Your spell library contained the following spells:

 Spells                   Type           Power      Damage    Failure   Level
 Scorch                   Fire           16%        2d5       50%         2

Inventory:

Hand Weapons
 b - a +0 war axe (weapon)
 Y - a +0 hand axe of flaming
Armour
 d - a +0 helmet (worn)
 h - a +0 chain mail (worn)
Jewellery
 a - a ring of protection from cold (left hand)
Scrolls
 g - a scroll of identify {unknown}
 i - a scroll of noise {unknown}
Potions
 c - a potion of flight {unknown}
 e - a potion of heal wounds {unknown}
 f - a potion of might {unknown}
 j - a potion of ambrosia {unknown}

Dungeon Overview and Level Annotations

Branches:
Dungeon (3/15)

Altars:

Shops:
D:1 [

Annotations:
D:3 2 transporters, qw's ghost, amateur GrFi


Message History

The hound bites you. The gnoll hits you but does no damage.
You closely miss the hound.
Your tail-slap misses the hound.
You hit the bush. You hit the bush but do no damage. The hound bites you.
The gnoll hits you from afar with a +0 halberd.
The hound bites you. The gnoll closely misses you.
2369 ||| INVOKING Fiery Armour.
A protective cloak of flame settles atop you.
The hound barely misses you. The hound bites you.
The hound is burned by your cloak of flames.
The hound is moderately wounded.
The gnoll hits you but does no damage.
You miss the hound.
Your tail-slap misses the hound.
The hound is moderately wounded.
You hit the bush but do no damage. x2
The hound bites you but does no damage.
The hound is burned by your cloak of flames.
The hound is heavily wounded.
The gnoll barely misses you. The hound barely misses you.
You hit the hound.
The hound is severely wounded.
You hit the bush but do no damage. x2
The hound bites you but does no damage.
The hound is burned by your cloak of flames.
The hound is almost dead.
The gnoll hits you from afar with a +0 halberd!
You closely miss the hound.
The hound is almost dead.
You hit the bush but do no damage. You hit the bush.
The hound barely misses you. The hound bites you but does no damage.
The hound is burned by your cloak of flames.
You kill the hound!
The gnoll barely misses you.
Your Axes skill increases to level 5!
You barely miss the hound. You hit the bush but do no damage. x2
The hound bites you but does no damage.
The hound is burned by your cloak of flames.
The hound is heavily wounded.
The gnoll hits you from afar with a +0 halberd!
You die...

####### . +...#.# ...
#...#.# ....## +.g #.#
.....###h###.#
...#..P@P...#
#####..........#
#.....#.##...#.# ..##
#.....#...#<.#.#
.....##.....###.#.##.#
.......>........#....#
...##.....##########
#.##### ####.#


You could see a hound and a gnoll.

Vanquished Creatures
  A hound (D:3)
  Jessica (D:2)
  Terence (D:2)
  Robin (D:2)
  3 gnolls (D:3)
  A worm (D:2)
  An orc (D:3)
  3 endoplasms
  3 giant cockroaches
  10 goblins (D:2)
  7 hobgoblins
  4 quokkas (D:1)
  10 ball pythons
  4 bats
  4 frilled lizards
  4 kobolds (D:1)
  A rat (D:2)
59 creatures vanquished.

Vanquished Creatures (others)
  3 plants (D:1)
3 creatures vanquished.

Grand Total: 62 creatures vanquished

Notes
Turn   | Place    | Note
-------+----------+-------------------------------------------
     0 | D:1      | qw the Demonspawn Cinder Acolyte began the quest for the
                  | Orb.
     0 | D:1      | Reached XP level 1. HP: 18/18 MP: 2/2
     0 | D:1      | 0 ||| qw: Version: 0.1-a-113-g051387a
     0 | D:1      | 0 ||| qw: Game counter: 7325
     0 | D:1      | 0 ||| qw: Always use a shield: true
     0 | D:1      | 0 ||| qw: God list: Okawaru
     0 | D:1      | 0 ||| qw: Allow faded altars: false
     0 | D:1      | 0 ||| qw: Do Orc after D:15 true
     0 | D:1      | 0 ||| qw: Do second Lair branch before Depths: true
     0 | D:1      | 0 ||| qw: Lair rune preference: random
     0 | D:1      | 0 ||| qw: Plans: Normal
     0 | D:1      | 0 ||| PLANNING D:1-11
    55 | D:1      | Reached skill level 3 in Axes
    55 | D:1      | 55 ||| INVOKING Fiery Armour.
    56 | D:1      | HP: 4/18 [kobold/+0 club (1)]
   378 | D:1      | Gained mutation: Your movements are slightly less
                  | encumbered by armour. (ER -2) [demonic ancestry]
   378 | D:1      | Reached XP level 2. HP: 24/24 MP: 3/3
   401 | D:1      | 401 ||| Stepping ~*~*~tactically~*~*~ (stealth).
   417 | D:1      | 417 ||| Stepping ~*~*~tactically~*~*~ (stealth).
   547 | D:1      | Found a faded altar of an unknown god.
   564 | D:1      | 564 ||| Stepping ~*~*~tactically~*~*~ (stealth).
   566 | D:1      | 566 ||| Stepping ~*~*~tactically~*~*~ (stealth).
   567 | D:1      | 567 ||| Stepping ~*~*~tactically~*~*~ (stealth).
   570 | D:1      | 570 ||| Stepping ~*~*~tactically~*~*~ (stealth).
   616 | D:1      | Found Gekajop's Antique Armour Shoppe.
   634 | D:1      | 634 ||| SHOPLISTING +3 pair of seven-league boots
                  | {Rampage+∞} (880 gold, have 38).
   634 | D:1      | 634 ||| SHOPLISTING glowing helmet (165 gold, have 38).
   634 | D:1      | 634 ||| SHOPLISTING pair of runed gloves (165 gold, have
                  | 38).
   634 | D:1      | 634 ||| SHOPLISTING runed plate armour (572 gold, have 38).
   634 | D:1      | 634 ||| SHOPLISTING shiny scale mail (154 gold, have 38).
   671 | D:1      | 671 ||| Stepping ~*~*~tactically~*~*~ (stealth).
   760 | D:1      | 760 ||| Stepping ~*~*~tactically~*~*~ (stealth).
   775 | D:1      | 775 ||| Stepping ~*~*~tactically~*~*~ (stealth).
   856 | D:1      | 856 ||| UPGRADING to +0 leather armour.
   866 | D:1      | 866 ||| DROPPING +0 robe.
   867 | D:1      | 867 ||| UPGRADING to +0 chain mail.
   877 | D:1      | 877 ||| DROPPING +0 leather armour.
   878 | D:1      | 878 ||| READING scroll labelled LUKOKO WEDES.
   879 | D:1      | 879 ||| READING scroll labelled BEGAMUANIO.
   884 | D:1      | 884 ||| READING scroll labelled RAOCLITIOPP.
   885 | D:1      | 885 ||| READING scroll labelled YNNYCO QELUMA.
   935 | D:2      | Gained mutation: Your demonic aura sometimes causes spilled
                  | blood to erupt in flames. [demonic ancestry]
   935 | D:2      | Reached XP level 3. HP: 23/29 MP: 4/4
  1002 | D:2      | Noticed Jessica
  1003 | D:2      | 1003 ||| Stepping ~*~*~tactically~*~*~ (hiding).
  1009 | D:2      | Killed Jessica
  1010 | D:2      | Reached skill level 1 in Armour
  1156 | D:2      | 1156 ||| SWAPPING to +0 war axe.
  1269 | D:2      | Noticed Terence
  1278 | D:2      | 1278 ||| INVOKING Fiery Armour.
  1280 | D:2      | Killed Terence
  1281 | D:2      | Reached skill level 4 in Axes
  1281 | D:2      | Gained mutation: Your movements are less encumbered by
                  | armour. (ER -4) [demonic ancestry]
  1281 | D:2      | Reached XP level 4. HP: 14/35 MP: 5/5
  1473 | D:2      | Noticed Robin
  1474 | D:2      | 1474 ||| Stepping ~*~*~tactically~*~*~ (hiding).
  1486 | D:2      | 1486 ||| INVOKING Fiery Armour.
  1489 | D:2      | Killed Robin
  1909 | D:2      | 1909 ||| UPGRADING to +0 helmet.
  1914 | D:2      | 1914 ||| UPGRADING to ring of protection from cold.
  2024 | D:3      | 2024 ||| Stepping ~*~*~tactically~*~*~ (stealth).
  2037 | D:3      | 2037 ||| Stepping ~*~*~tactically~*~*~ (stealth).
  2039 | D:3      | 2039 ||| Stepping ~*~*~tactically~*~*~ (stealth).
  2040 | D:3      | 2040 ||| Stepping ~*~*~tactically~*~*~ (stealth).
  2067 | D:3      | 2067 ||| Stepping ~*~*~tactically~*~*~ (stealth).
  2069 | D:3      | 2069 ||| Stepping ~*~*~tactically~*~*~ (stealth).
  2071 | D:3      | 2071 ||| INVOKING Fiery Armour.
  2078 | D:3      | Gained mutation: You have a small tail. [demonic ancestry]
  2078 | D:3      | Reached XP level 5. HP: 21/41 MP: 6/6
  2161 | D:3      | 2161 ||| FLEEEEING.
  2335 | D:3      | Found a transporter.
  2337 | D:3      | Noticed qw's ghost (amateur GrFi)
  2338 | D:3      | Found a transporter.
  2369 | D:3      | 2369 ||| INVOKING Fiery Armour.
  2371 | D:3      | HP: 6/41 [gnoll/+0 halberd (9)]
  2373 | D:3      | Reached skill level 5 in Axes
  2373 | D:3      | Slain by a gnoll

Levels and vault maps discovered:
D:1:      lightli_arrival_farm, layout_rooms, serial_shops,
          nicolae_shop_overgrown_old_shop, nicolae_ecumenical_snake_handling,
          minmay_tripent
D:2:      layout_basic, kennysheep_nondescript, minivault_19, uniq_robin,
          uniq_terence, uniq_jessica
D:3:      layout_basic, okawaru_gym_becter, gammafunk_ghost_mausoleum,
          cheibrodos_gnoll_hut

Skill      XL: |  1  2  3  4  5 |
---------------+----------------+-----
Axes           | 3 4 5 |  5.2
Armour         | 1 |  1.7
Fighting       | |  3.0
Spellcasting   | |  1.0
Fire Magic     | |  2.6

Action                   |  1- 3 |  4- 6 || total
-------------------------+-------+-------++-------
Melee: Hand axe          |    55 |       ||    55
       War axe           |    12 |    51 ||    63
       Tailslap          |       |     2 ||     2
Invok: Fiery Armour      |     2 |     3 ||     5
  Use: Scroll            |     4 |       ||     4
Armor: Robe              |     7 |       ||     7
       Chain mail        |     6 |    43 ||    49
Dodge: Dodged            |    37 |    26 ||    63

Table legend:
 A = Non-vault XP
 B = Vault XP
 C = Vault XP percentage of total XP
 D = Non-vault monster count
 E = Vault monster count
 F = Vault count percentage of total count
                 A         B        C        D         E       F
            +---------+---------+-------+---------+---------+-------
      Total |     105 |     158 |  60.1 |      39 |      20 |  33.9
            +---------+---------+-------+---------+---------+-------
        D:1 |      31 |       5 |  13.9 |      21 |       4 |  16.0
        D:2 |      14 |     110 |  88.7 |       6 |      15 |  71.4
        D:3 |      60 |      43 |  41.7 |      12 |       1 |   7.7
            +---------+---------+-------+---------+---------+-------
